 Dungeon Crawl Stone Soup version 0.27.0-1-g7a089689b8 (webtiles) character file.

Game seed: 996468277685662221

35 HungrySpirit the Ducker (level 3, 0/27 HPs)
             Began as a Djinni Air Elementalist on July 31, 2021.
             Slain by a scorpion (3 damage)
             ... on level 3 of the Dungeon.
             The game lasted 00:03:33 (3037 turns).

HungrySpirit the Ducker (Djinni Air Elementalist)   Turns: 3037, Time: 00:03:34

Health: 0/27       AC:  2    Str:  8    XL:     3   Next: 52%
Gold:   126        EV: 12    Int: 16    God:
                   SH:  0    Dex: 13

rFire    + + .     SeeInvis .   e - +0 falchion
rCold    x . .     Faith    .   (no shield)
rNeg     . . .     Spirit   .   a - +0 robe
rPois    ∞         Reflect  .   (no helmet)
rElec    .         Harm     .   (no cloak)
rCorr    .         Rampage  .   (no gloves)
Will     .....                  (boots unavailable)
Stlth    ++........             (no amulet)
HPRegen  0.09/turn              (no ring)
MPRegen  0.00/turn              (no ring)

@: attractive, flying
A: sickness immunity, fire resistance 2, cold vulnerability 1, float, innate
caster, hp casting, extra vitality 1
a: no special abilities


You were on level 3 of the Dungeon.
You visited 1 branch of the dungeon, and saw 4 of its levels.

You collected 126 gold pieces.

Inventory:

Hand Weapons
 e - a +0 falchion (weapon)
 h - a +0 short sword
Armour
 a - a +0 robe (worn)
Scrolls
 c - a scroll of summoning {unknown}
 d - a scroll of silence {unknown}
 f - 2 scrolls of blinking
 i - a scroll of amnesia {unknown}
 j - a scroll of noise {unknown}


   Skills:
 + Level 1.3 Fighting
 * Level 1.1(1.2) Short Blades
 - Level 0.4(0.9) Long Blades
 + Level 2.9 Dodging
 - Level 1.5 Stealth
 - Level 2.4 Spellcasting


You couldn't memorise any spells.
You knew the following spells:

 Your Spells              Type           Power      Damage    Failure   Level
a - Shock                 Conj/Air       36%        1d5       8%          1
b - Static Discharge      Conj/Air       9%         N/A       11%         2
c - Swiftness             Air            9%         N/A       22%         3
d - Airstrike             Air            4%         N/A       58%         4
e - Freeze                Ice            36%        1d6       8%          1
Your spell library was empty.

Dungeon Overview and Level Annotations

Branches:
Dungeon (4/15)
 Temple: D:4-7

Altars:

Shops:
D:2 [


Innate Abilities, Weirdness & Mutations

You are immune to sickness and miasma.
You are immune to poison.
Your flesh is very heat resistant. (rF++)
You are vulnerable to cold. (rC-)
You float through the air rather than walking.
You learn spells naturally, not from books.
Your magical power is your life essence.
You have superior vitality. (+4 HP)


Message History

Found 17 arrows and 2 viscous golden potions.
The quokka closely misses you. The quokka barely misses you.
The quokka bites you. The quokka bites you.
There is a stone staircase leading up here.
The scorpion closely misses you. The quokka bites you.
You fly upwards.
There is a stone staircase leading down here.
Found a robe.
Casting: Shock (safe; 8% risk of failure)
Confirm with . or Enter, or press ? or * to list all spells.
Okay, then.
It was a potion of heal wounds.
You feel much better. The scorpion barely misses you.
It was a potion of attraction.
You feel attractive to monsters. The scorpion completely misses you.
The scorpion stings you!
You closely miss the scorpion. The scorpion barely misses you.
You hit the scorpion.
The scorpion is lightly wounded.
The scorpion stings you!
e - a +0 falchion (weapon)
The scorpion barely misses you.
You hit the scorpion.
The scorpion is moderately wounded.
The scorpion misses you.
You hit the scorpion.
The scorpion is moderately wounded.
The scorpion closely misses you.
You riposte.
You hit the scorpion.
The scorpion is heavily wounded.
The scorpion stings you!
* * * LOW HITPOINT WARNING * * *
You aren't carrying any potions.
You hit the scorpion but do no damage.
The scorpion is heavily wounded.
The scorpion closely misses you.
You barely miss the scorpion.
The scorpion is heavily wounded.
The scorpion stings you.
You die...

# # ## #[#
.#.. #...
#..#
####..###..#
#......@sr.#
#########..#
#..# ##.. ##


You could see a scorpion and a quokka.

Vanquished Creatures
  2 worms (D:2)
  An orc (D:2)
  A goblin (D:2)
  4 hobgoblins
  4 jackals (D:2)
  A quokka (D:2)
  3 ball pythons (D:2)
  2 bats
  2 frilled lizards
  4 kobolds
  3 rats (D:1)
27 creatures vanquished.

Notes
Turn   | Place    | Note
-------+----------+-------------------------------------------
     0 | D:1      | HungrySpirit the Djinni Air Elementalist began the quest
                  | for the Orb.
     0 | D:1      | Reached XP level 1. HP: 15/15 MP: 0/0
   813 | D:1      | Reached XP level 2. HP: 22/22 MP: 0/0
  1263 | D:2      | Reached skill level 1 in Fighting
  1996 | D:2      | Found Kaxeim's Antique Armour Shoppe.
  2120 | D:2      | Reached XP level 3. HP: 20/27 MP: 0/0
  2120 | D:2      | Learned a level 1 spell: Freeze
  2237 | D:2      | Reached skill level 1 in Short Blades
  3010 | D:2      | You are sucked into a shaft and drop 2 floors!
  3011 | D:4      | Noticed a scorpion
  3037 | D:3      | Slain by a scorpion

Illustrated notes

Levels and vault maps discovered:
D:1:      roderic_octagonal_star, layout_basic
D:2:      layout_loops_corners, serial_shops, shop, kennysheep_crisscross
D:3:      layout_loops_corners, nicolae_elyvilon_peaceful_grove,
          basic_ecumenical_altar, serial_shops, nicolae_square_shop,
          biasface_ghost_orc_armoury, uniq_sigmund
D:4:      layout_cave_pools, lemuel_zombie_altar_yredelemnul, serial_rivers,
          chequers_serial_rivers_micro_e, chequers_serial_rivers_micro_a,
          chequers_serial_rivers_small_b, chequers_serial_rivers_micro_b,
          chequers_serial_rivers_micro_b, chequers_serial_rivers_marsh,
          serial_shops, shop, kennysheep_mini, nicolae_square_shop,
          gup_sewer_entry_glass

Skill      XL: |  1  2  3 |
---------------+----------+-----
Fighting       | 1 |  1.3
Short Blades   | 1 |  1.1
Long Blades    | |  0.4
Dodging        | |  2.9
Stealth        | |  1.5
Spellcasting   | |  2.4

Action                   || total
-------------------------++-------
Melee: Falchion          ||    25
       Dagger            ||    12
       Short sword       ||    15
 Cast: Shock             ||    51
  Use: Potion            ||     2
       Scroll            ||     1
 Stab: Sleeping          ||     1
Armor: Robe              ||    10
Dodge: Dodged            ||    45
       Rpst.: Falchion   ||     7
